 Dungeon Crawl Stone Soup version 0.18.1-48-g4cf74bf (console) character file.

1640 Homage the Skirmisher (level 8, -5/74 HPs)
             Began as a Minotaur Fighter on July 3, 2016.
             Killed from afar by a gargoyle (19 damage)
             ... with a stone arrow
             ... on level 9 of the Dungeon.
             The game lasted 00:26:09 (5417 turns).

Homage the Skirmisher (Minotaur Fighter)            Turns: 5417, Time: 00:26:10

Health: -5/74      AC: 12    Str: 22    XL:     8   Next: 66%
Magic:  7/7        EV:  6    Int:  5    God:
Gold:   399        SH: 14    Dex: 13    Spells: 0 memorised, 7 levels left

rFire  + . .     SeeInvis .     b - +0 hunting sling
rCold  . . .     Gourm    .     v - +0 chain mail
rNeg   . . .     Faith    .     p - +3 shield
rPois  .         Spirit   .     (helmet restricted)
rElec  .         Dismiss  .     (no cloak)
rCorr  .         Reflect  .     (no gloves)
SustAt .         Harm     .     c - +0 pair of boots (curse)
MR     .....     Rnd*Rage +     (no amulet)
Stlth  ..........               i - ring of protection from fire
                                k - ring of stealth

@: not resistant to hostile enchantments, extremely unstealthy
A: retaliatory headbutt, horns 2, thin skeletal structure 1, berserk 1
a: no special abilities


You were on level 9 of the Dungeon.
You were not hungry.

You visited 1 branch of the dungeon, and saw 9 of its levels.
You also visited: Ossuary.

You collected 399 gold pieces.


Innate Abilities, Weirdness & Mutations

You reflexively headbutt those who attack you in melee.
You have a pair of horns on your head.
You have a somewhat thin skeletal structure (Dex +2, Stealth).
You tend to lose your temper in combat.


   Skills:
 + Level 7.7 Fighting
 + Level 6.9 Axes
 + Level 7.5 Armour
 + Level 7.4 Shields


You had 7 spell levels left.
You didn't know any spells.

Inventory:

Hand Weapons
 a - a +0 war axe
 b - a +0 hunting sling (weapon)
Missiles
 h - 37 sling bullets (quivered)
 l - 3 tomahawks
Armour
 c - a cursed +0 pair of boots (worn)
 p - a +3 shield (worn)
 v - a +0 chain mail (worn)
Jewellery
 i - a ring of protection from fire (right hand)
 k - a ring of stealth (left hand)
Scrolls
 e - 2 scrolls of teleportation
 g - a scroll of immolation
 j - a scroll of recharging {unknown}
 m - a scroll of remove curse
 n - 2 scrolls of identify
Potions
 q - a potion of mutation {!q}
 s - a potion of brilliance
Books
 o - a book of Annihilations

   Spells                             Type                      Level
   a - Poison Arrow                   Conjuration/Poison           6
   b - Chain Lightning                Conjuration/Air              8
   c - Lehudib's Crystal Spear        Conjuration/Earth            8
   d - Glaciate                       Conjuration/Ice              9
   e - Fire Storm                     Conjuration/Fire             9
Comestibles
 f - 3 bread rations
 t - a slice of pizza
 u - a meat ration


Message History

Unknown command.
The gargoyle hurls a stone arrow at you.
The stone arrow hits you!
The gargoyle hurls a stone arrow at you.
The stone arrow hits you!
* * * LOW HITPOINT WARNING * * *
The gargoyle hurls a stone arrow at you.
You block the stone arrow.
Drink which item? (? for menu, Esc to quit)
You feel better.
b - a +0 hunting sling (weapon)
Firing (i - inventory. (,) - cycle):
h - 38 sling bullets (quivered)
Press: ? - help, Shift-Dir - straight line, f - gargoyle
Aim: a gargoyle, wielding a flail (almost destroyed)
You shoot a sling bullet.
The sling bullet hits the gargoyle but does no damage.
The gargoyle is almost destroyed.
The gargoyle hurls a stone arrow at you.
The stone arrow hits you!
You die...

#..# #........ ...# #.. #..#
#..###### #..######.. ##..#+###
#..# #..........
........#####..# #..........
#####..........# #..........
#..........########..........
##...........................
#...........................
##.......(9.@................
................................
................................
#######.....[...................
#............######.......
#.##########.# #......# #.# #.#
#..)...# #.# #.# #......# #.#
#......#


You could see a gargoyle.

Vanquished Creatures
  A hippogriff (D:8)
  A black bear (D:8)
  An ice beast (D:5)
  2 phantoms
  3 giant frogs
  4 killer bees (D:8)
  A crimson imp (D:8)
  A human zombie (Ossuary)
  A jelly (D:8)
  2 orc wizards
  A centaur zombie (D:3)
  3 orc priests
  4 hounds
  An iguana (D:6)
  3 worker ants
  A giant frog skeleton (D:8)
  A killer bee zombie (D:8)
  2 hound zombies
  3 mummies (Ossuary)
  3 adders
  3 gnolls (D:8)
  4 river rats (D:6)
  2 oozes
  3 adder zombies
  3 giant geckos
  16 orcs
  7 bats
  2 bat zombies (D:4)
  3 giant cockroaches
  A gnoll zombie (Ossuary)
  5 hobgoblins
  2 quokkas
  A ball python (D:1)
  A giant gecko zombie (D:8)
  7 giant newts
  6 goblins
  4 goblin zombies (Ossuary)
  2 hobgoblin zombies (Ossuary)
  5 kobolds
  2 kobold zombies (Ossuary)
  2 quokka zombies (Ossuary)
  13 rats
  7 rat zombies
140 creatures vanquished.

Notes
Turn   | Place    | Note
--------------------------------------------------------------
     0 | D:1      | Homage the Minotaur Fighter began the quest for the Orb.
     0 | D:1      | Reached XP level 1. HP: 19/19 MP: 0/0
   363 | D:1      | Reached XP level 2. HP: 27/27 MP: 1/1
   650 | D:2      | Found a shadowy altar of Dithmenos.
   724 | D:2      | Found an opulent altar of Gozag.
   751 | D:2      | Reached XP level 3. HP: 30/33 MP: 2/2
   939 | D:3      | Found a stormy altar of Qazlal.
  1017 | D:3      | Reached skill level 3 in Axes
  1017 | D:3      | Reached XP level 4. HP: 27/41 MP: 3/3
  1054 | D:4      | HP: 6/41 [hound (3)]
  1417 | D:3      | Reached XP level 5. HP: 44/47 MP: 4/4
  1725 | D:3      | Found a shattered altar of Ashenzari.
  1970 | D:4      | Got a crude robe
  2183 | D:4      | Found an ancient bone altar of Kikubaaqudgha.
  2192 | D:4      | Gained mutation: You are partially covered in yellow scales (AC +2). [potion of mutation]
  2192 | D:4      | Gained mutation: You tend to lose your temper in combat. [potion of mutation]
  2192 | D:4      | Gained mutation: You have an increased reservoir of magic (+10% MP). [potion of mutation]
  2219 | D:5      | Entered Level 5 of the Dungeon
  2219 | D:5      | Noticed an ice beast
  2230 | D:5      | Killed an ice beast
  2230 | D:5      | Reached XP level 6. HP: 32/56 MP: 5/5
  2476 | D:4      | HP: 9/56 [worker ant (4)]
  2482 | D:4      | HP: 6/56 [poisoned by a worker ant]
  2488 | D:4      | HP: 5/56 [poisoned by a worker ant]
  2496 | D:4      | HP: 4/56 [poisoned by a worker ant]
  2865 | D:5      | Found Lush's Weapon Shop.
  2922 | D:5      | HP: 9/56 [orc/trident (5)]
  2938 | D:6      | HP: 7/57 [worker ant (5)]
  2944 | D:6      | HP: 6/57 [poisoned by a worker ant]
  2952 | D:6      | HP: 5/57 [poisoned by a worker ant]
  3090 | D:6      | Gained mutation: You have a somewhat thin skeletal structure (Dex +2, Stealth). [potion of beneficial mutation]
  3112 | D:6      | Found a deep blue altar of Sif Muna.
  3149 | D:6      | Found a sand-covered staircase.
  3154 | Ossuary  | Entered an ossuary
  3438 | Ossuary  | Reached XP level 7. HP: 62/62 MP: 6/6
  3546 | Ossuary  | Lost mutation: You are partially covered in yellow scales (AC +2). [potion of cure mutation]
  3546 | Ossuary  | Lost mutation: You have an increased reservoir of magic (+10% MP). [potion of cure mutation]
  3724 | D:6      | Reached skill level 6 in Fighting
  3968 | D:6      | Reached skill level 6 in Armour
  4042 | D:7      | Reached skill level 6 in Shields
  4558 | D:8      | Noticed a hippogriff
  4577 | D:8      | HP: 11/64 [hippogriff (5)]
  4579 | D:8      | Killed a hippogriff
  4579 | D:8      | Reached skill level 6 in Axes
  4579 | D:8      | Reached XP level 8. HP: 10/71 MP: 7/7
  5377 | D:9      | Noticed a gargoyle
  5397 | D:9      | HP: 12/74 [gargoyle/flail (6)]
  5411 | D:9      | HP: 5/74 [gargoyle/stone arrow (10)]
  5417 | D:9      | Killed from afar by a gargoyle

Vault maps used:
D:1:      lemuel_arrival_muddy, hangedman_decor_growths
D:2:      overflow_temple_1_default, nicolae_overflow_hidden_temple
D:3:      cheibrodos_ashenzari_chains, overflow_temple_1_default
D:4:      lemuel_zombie_altar_kikubaaqudgha
D:5:      grunt_pakellas_salt, serial_shops, shop, first_bread,
          lemuel_another_geyser
D:6:      lemuel_blue_sif_altar, temple_fountains, enter_ossuary_2,
          portal_sewer_entry_e, serial_shops, shop
D:7:      serial_shops, shop, uniq_menkaure
D:8:      nicolae_tso_besieged_by_evil, cheibriados_altar_wand_db,
          lemuel_doored_altar, erik_lair_orcish_takeover,
          minmay_misc_feat_plants
Ossuary:  ossuary_minmay_chase

Action                   |  1- 3 |  4- 6 |  7- 9 || total
-------------------------+-------+-------+-------++-------
Melee: War axe           |    68 |   176 |   146 ||   390
       Headbutt          |    12 |    31 |    35 ||    78
 Fire: Hunting sling     |       |       |     1 ||     1
Throw: Tomahawk          |       |     5 |       ||     5
  Use: Potion            |     3 |     6 |     6 ||    15
       Scroll            |     2 |     4 |     5 ||    11
 Stab: Sleeping          |       |       |     2 ||     2
  Eat: Chunk             |       |     6 |       ||     6
       Pizza             |       |     2 |       ||     2
       Meat ration       |       |     1 |     1 ||     2
Armor: Scale mail        |    38 |   108 |    49 ||   195
       Chain mail        |       |       |     2 ||     2
Dodge: Dodged            |    24 |    59 |    50 ||   133
Block: Shield            |    29 |   130 |   118 ||   277
